 Dungeon Crawl Stone Soup version 0.29-a0-824-gd827844252 (webtiles) character file.

Game seed: 11114362177278291891

35 coolguy69 the Cutter (level 3, 0/20 HPs)
             Began as a Vine Stalker Monk on July 10, 2022.
             Slain by a bat (1 damage)
             ... on level 2 of the Dungeon.
             The game lasted 00:01:02 (1269 turns).

coolguy69 the Cutter (Vine Stalker Monk)            Turns: 1269, Time: 00:01:02

Health: 0/20       AC:  2    Str: 15    XL:     3   Next: 33%
Magic:  0/4        EV: 13    Int: 10    God:
Gold:   62         SH:  0    Dex: 16    Spells: 2/2 levels left

rFire   . . .      SeeInvis .   a - +0 short sword
rCold   . . .      Faith    .   (no shield)
rNeg    . . .      Spirit   +   b - +0 robe
rPois   .          Reflect  .   (no helmet)
rElec   .          Harm     .   (no cloak)
rCorr   .          Rampage  .   (no gloves)
Will    .....                   (no boots)
Stlth   ++........              (no amulet)
HPRegen 0.06/turn               (no ring)
MPRegen 0.09/turn               (no ring)

@: no status effects
A: fangs 2, magic shield, antimagic bite, no potion heal 2
a: no special abilities


You were on level 2 of the Dungeon.
You visited 1 branch of the dungeon, and saw 2 of its levels.

You collected 62 gold pieces.

Inventory:

Hand Weapons
 a - a +0 short sword (weapon)
Armour
 b - a +0 robe (worn)
Scrolls
 d - a scroll of amnesia {unknown}
 f - a scroll of poison {unknown}
Potions
 c - 2 potions of ambrosia
 e - 2 potions of lignification {unknown}
 g - a potion of mutation {unknown}
 h - a potion of might {unknown}
 i - a potion of heal wounds {unknown}


   Skills:
 + Level 3.1 Fighting
 + Level 3.2 Short Blades
 + Level 2.6 Dodging
 + Level 2.7 Stealth


You had 2 spell levels left.
You didn't know any spells.
Your spell library contained the following spells:

 Spells                   Type           Power      Damage    Failure   Level
 Portal Projectile        Hex/Tloc       0%         N/A       75%         3
 Tukima's Dance           Hex            0%         N/A       75%         3
 Blade Hands              Tmut           0%         N/A       100%        5


Dungeon Overview and Level Annotations

Branches:
Dungeon (2/15)

Altars:


Innate Abilities, Weirdness & Mutations

You have extremely sharp teeth.
When hurt, damage is shared between your health and your magic reserves.
Your bite disrupts and absorbs the magic of your enemies.
Potions cannot restore your health.


Message History

No target in view!
No target in view!
No target in view!
No target in view!
No target in view!
No target in view!
No target in view!
No target in view!
Things that are here:
a +0 club; a +0 sling; a goblin corpse You hit the worm but do no damage.
You bite the worm. You drain its power.
You feel invigorated.
The worm is lightly wounded.
You barely miss the worm.
The worm is lightly wounded.
The worm bites you!
You hit the worm but do no damage. You bite the worm. You drain its power.
You feel invigorated.
The worm is moderately wounded.
You hit the worm. You bite the worm. You drain its power.
The worm is heavily wounded.
The worm bites you but does no damage.
You hit the worm.
The worm is heavily wounded.
A bat comes into view.
You hit the worm.
The worm is severely wounded.
The worm bites you.
* * * LOW HITPOINT WARNING * * *
You barely miss the worm. You bite the worm. You drain its power.
You feel invigorated.
The worm is severely wounded.
The worm barely misses you.
You completely miss the worm. You bite the worm, but do no damage.
The worm is severely wounded.
The bat barely misses you. The bat misses you. The worm bites you!
* * * LOW HITPOINT WARNING * * *
The bat hits you.
You die...

### ##.. ##.. .#
##..###..#..
##..#<......#
#...†.#......
##.)####......
#.).b@........
.......w#.####.."..
.>...##...# .. ....
...... #
......".#### ##
#..### #.. ..#


You could see a worm and a bat.

Vanquished Creatures
  2 dart slugs (D:1)
  4 ball pythons
  A bat (D:1)
  4 endoplasms
  A giant cockroach (D:1)
  5 goblins
  A hobgoblin (D:1)
  A quokka (D:1)
  A frilled lizard (D:1)
  4 kobolds
  3 rats (D:1)
27 creatures vanquished.

Vanquished Creatures (others)
  An endoplasm (D:1)
1 creature vanquished.

Grand Total: 28 creatures vanquished

Notes
Turn   | Place    | Note
-------+----------+-------------------------------------------
     0 | D:1      | coolguy69 the Vine Stalker Monk began the quest for the
                  | Orb.
     0 | D:1      | Reached XP level 1. HP: 11/11 MP: 2/2
    67 | D:1      | Reached XP level 2. HP: 5/16 MP: 3/3
   526 | D:1      | Found a faded altar of an unknown god.
   735 | D:1      | Reached XP level 3. HP: 16/20 MP: 4/4
  1241 | D:2      | Found the amulet of Elemental Vulnerability {rPois rF--
                  | rC-- AC+8}
  1267 | D:2      | HP: 1/20 [worm (4)]
  1269 | D:2      | Slain by a bat

Illustrated notes

Levels and vault maps discovered:
D:1:      lemuel_arrival_funnel, layout_rooms,
          hellmonk_ecumenical_altar_heavens_door
D:2:      layout_rooms, basic_altar, minmay_misc_feat_five

Skill      XL: |  1  2 |
---------------+-------+-----
Short Blades   | 3 |  3.2
Fighting       | 3 |  3.1
Dodging        | |  2.6
Stealth        | |  2.7

Action                   || total
-------------------------++-------
Melee: Short sword       ||    85
       Bite              ||    25
 Stab: Sleeping          ||     3
Armor: Robe              ||     6
Dodge: Dodged            ||    53

Table legend: (Time is in decaauts)
 A = Elapsed time spent in this place.
 B = Non-inter-level travel time spent in this place.
 C = Inter-level travel time spent in this place.
 D = Time resting spent in this place.
 E = Time spent auto-exploring this place.
 F = Levels seen in this place.
 G = Mean time per level.
                   A        B        C        D        E       F      G
               +--------+--------+--------+--------+--------+-----+--------+
         Total |   1264 |   1251 |     13 |    306 |    764 |   2 |  632.0 |
       Dungeon |   1264 |   1251 |     13 |    306 |    764 |   2 |  632.0 |
               +--------+--------+--------+--------+--------+-----+--------+

Top non-repeatable levels by time:
     D:1: 1237 daAuts
     D:2: 26 daAuts
